 Dungeon Crawl Stone Soup version 0.31.0-9-g3a7656b989 (webtiles) character file.

Game seed: 1775941218691803140

15991 RKaid the Geomancer (level 12, -7/71 HPs)
             Began as a Gargoyle Earth Elementalist on Jan 23, 2024.
             Was a High Priest of Sif Muna.
             Hit by a silver javelin thrown by a minotaur (30 damage)
             ... in a Gauntlet on Jan 24, 2024.
             The game lasted 01:10:36 (16139 turns).

RKaid the Geomancer (Gargoyle Earth Elementalist)  Turns: 16139, Time: 01:10:37

Health: -7/71      AC: 15    Str: 13    XL:     12   Next: 32%
Magic:  25/42      EV: 13    Int: 20    God:    Sif Muna [*****.]
Gold:   722        SH:  5    Dex: 10    Spells: 19/28 levels left

rFire   . . .        X - +6 shillelagh "Devastator" {shatter}
rCold   . . .        x - +0 buckler
rNeg    + . .        i - +1 robe {Will+}
rPois   ∞            K - +0 helmet
rElec   +            (no cloak)
rCorr   .            z - +2 pair of gloves
SInv    .            (no boots)
Will    +....        (no amulet)
Stlth   ++           v - ring of magical power {MP+9}
HPRegen 0.31/turn    u - ring of magical power {MP+9}
MPRegen 0.28/turn

%: no teleportation
@: no status effects
A: sickness immunity, AC +8, negative energy resistance 1, electricity
resistance, torment resistance 1, petrification resistance
a: Renounce Religion, Channel Magic, Forget Spell, Divine Exegesis


You were in a Gauntlet.
You worshipped Sif Muna.
Sif Muna was extremely pleased with you.
You visited 2 branches of the dungeon, and saw 12 of its levels.
You also visited: Sewer and Gauntlet.

You collected 722 gold pieces.

Inventory:

Hand Weapons
 Q - a +5 trident of draining
   (You took it off Jeremiah on level 7 of the Dungeon)
 X - the +6 shillelagh "Devastator" (weapon) {shatter}
   (You found it on level 1 of the Lair of Beasts)
Missiles
 m - 2 throwing nets {=f}
Armour
 i - a +1 robe of willpower (worn)
   (You took it off an orc wizard on level 8 of the Dungeon)
 x - a +0 buckler (worn)
   (You found it on level 4 of the Dungeon)
 z - a +2 pair of gloves (worn)
   (You found it on level 4 of the Dungeon)
 I - an orb of energy
   (You took it off Jeremiah on level 7 of the Dungeon)
 K - a +0 helmet (worn)
   (You found it on level 6 of the Dungeon)
Magical Staves
 r - a staff of fire {rF+}
   (You found it on level 2 of the Dungeon)
Jewellery
 d - a ring of protection from fire {rF+}
   (You found it on level 2 of the Dungeon)
 l - the ring "Afouput" {Will++ Str+6}
   (You found it in a Gauntlet)

   [ring of strength]

   Str+6:     It affects your strength (+6).
   Will++:    It greatly increases your willpower.
 p - a ring of resist corrosion
   (You found it on level 2 of the Dungeon)
 q - a ring of fire {rF+, rC-}
   (You found it on level 8 of the Dungeon)
 u - a ring of magical power (right hand) {MP+9}
   (You found it on level 3 of the Dungeon)
 v - a ring of magical power (left hand) {MP+9}
   (You found it on level 4 of the Dungeon)
 L - a ring of ice {rC+, rF-}
   (You found it on level 6 of the Dungeon)
 T - a ring of flight {+Fly}
   (You took it off a wight on level 7 of the Dungeon)
 V - a ring of wizardry {Wiz+}
   (You found it on level 9 of the Dungeon)
Wands
 a - a wand of iceblast (7)
   (You found it on level 8 of the Dungeon)
 e - a wand of quicksilver (6)
   (You found it on level 1 of the Lair of Beasts)
 s - a wand of flame (35)
   (You found it on level 5 of the Dungeon)
 D - a wand of digging (4)
   (You found it on level 10 of the Dungeon)
 J - a wand of charming (19)
   (You found it on level 6 of the Dungeon)
 O - a wand of polymorph (19)
   (You found it in a sewer)
Scrolls
 k - a scroll of amnesia
 o - 3 scrolls of revelation
 t - 2 scrolls of teleportation
 w - a scroll of fog
 y - a scroll of immolation {unknown}
 B - a scroll of acquirement
 F - 2 scrolls of noise {!r}
 G - a scroll of silence {unknown}
 M - a scroll of poison {unknown}
 P - a scroll of enchant weapon
 S - a scroll of vulnerability {!r!r}
 U - a scroll of torment {!r}
 W - 3 scrolls of fear
Potions
 b - 2 potions of magic
 c - 2 potions of curing
 f - a potion of berserk rage {unknown}
 g - 5 potions of enlightenment
 j - 3 potions of lignification {!q}
 n - 3 potions of ambrosia
 A - 2 potions of might
 E - a potion of mutation {unknown}
 H - a potion of brilliance {unknown}
 N - a potion of resistance {unknown}


   Skills:
 - Level 6.7 Fighting
 + Level 3.1 Maces & Flails
 - Level 7.1 Dodging
 - Level 2.2 Stealth
 - Level 6.0 Shields
 + Level 8.5 Spellcasting
 + Level 10.0 Conjurations
 + Level 11.3 Earth Magic
 + Level 1.4 Invocations


You had 19 spell levels left.
You knew the following spells:

 Your Spells              Type           Power      Damage    Failure   Level
a - Sandblast             Erth           100%       2d20      1%          1
b - Stone Arrow           Conj/Erth      100%       3d13      1%          3
c - Brom's Barrelling Bo  Conj/Erth      50%        2d7       1%          4
g - Apportation           Tloc           16%        N/A       11%         1

Your spell library contained the following spells:

 Spells                   Type           Power      Damage    Failure   Level
 Sting                    Conj/Alch      100%       1d9       1%          1
 Passwall                 Erth           52%        N/A       1%          3
 Dazzling Flash           Conj/Hex       56%        N/A       4%          3
 Necrotise                Necr           32%        1d5       11%         1
 Summon Small Mammal      Summ           32%        N/A       11%         1
 Petrify                  Alch/Erth      31%        N/A       11%         4
 Flame Wave               Conj/Fire      28%        2d9       14%         4
 Ensorcelled Hibernation  Hex/Ice        16%        N/A       16%         2
 Mercury Vapours          Alch/Air       16%        N/A       16%         2
 Frozen Ramparts          Ice            16%        1d3       32%         3
 Fugue of the Fallen      Necr           8%         N/A       32%         3
 Inner Flame              Hex/Fire       8%         N/A       32%         3
 Ozocubu's Armour         Ice            8%         N/A       32%         3
 Volatile Blastmotes      Fire/Tloc      16%        2d11      32%         3
 Olgreb's Toxic Radiance  Alch           8%         N/A       71%         4
 Sticky Flame             Fire/Alch      8%         2d4       71%         4
 Starburst                Conj/Fire      14%        6d6       91%         6
 Haunt                    Necr/Summ      4%         N/A       100%        7
 Maxwell's Capacitive Co  Air            4%         ∞         100%        8


Dungeon Overview and Level Annotations

Branches:
Dungeon (10/15)            Temple (0/1) D:4            Lair (2/5) D:10
    Orc (0/2) D:10          Sewer (visited)         Gauntlet (1/1)
  Swamp: Lair:2-3    Shoals: Lair:2-3     Snake: Lair:2-3    Spider: Lair:2-3

Altars:
Ashenzari
Dithmenos
Elyvilon
Gozag
Makhleb
Nemelex Xobeh
Sif Muna
Uskayaw
Xom

Shops:
D:7 =*(([   D:9 :*

Annotations:
Lair:1 exclusion: 2 oklob plants Gauntlet 8 transporters, 21 runed translucent doors


Innate Abilities, Weirdness & Mutations

You are immune to sickness and miasma.
Your stone body is resilient. (AC +8)
You are immune to poison.
You resist negative energy. (rN+)
You are resistant to electric shocks. (rElec)
You are resistant to unholy torment.
You are immune to petrification.


Message History

Press: ? - help, Shift-Dir - straight line, f/p - green death
Aim: a green death (moderately wounded, 87% to hit)
The stone arrow hits the green death!
The green death barely misses you.
Casting: Stone Arrow (safe; 1% risk of failure)
Confirm with . or Enter, or press ? or * to list all spells.
Aiming: Stone Arrow (safe; 1% risk of failure)
Press: ? - help, Shift-Dir - straight line, f/p - green death
Aim: a green death (heavily wounded, 87% to hit)
The stone arrow hits the green death!!
The green death barely misses you.
Casting: Stone Arrow (safe; 1% risk of failure)
Confirm with . or Enter, or press ? or * to list all spells.
Aiming: Stone Arrow (safe; 1% risk of failure)
Press: ? - help, Shift-Dir - straight line, f/p - green death
Aim: a green death (almost dead, 87% to hit)
The stone arrow hits the green death!
You kill the green death!
Sif Muna accepts your kill.
Your Maces & Flails skill increases to level 3!
Your Conjurations skill increases to level 10!
Your Invocations skill increases to level 1!
You start resting.
The yak bellows! x2
You are starting to lose your buoyancy.
You start resting.
The yak snorts and paws the ground.
You float gracefully downwards.
Your enlightenment fades.
You start resting.
A minotaur comes into view.
It is wielding a staff of fire and quivering silver javelins.
The minotaur barely misses you. The minotaur gores you!
Casting: Stone Arrow (safe; 1% risk of failure)
Confirm with . or Enter, or press ? or * to list all spells.
Aiming: Stone Arrow (safe; 1% risk of failure)
Press: ? - help, Shift-Dir - straight line, f - minotaur
Aim: a minotaur, wielding a staff of fire, wearing +2 pearl dragon scales and quivering silver javelins (84% to hit)
The stone arrow hits the minotaur!
The minotaur closely misses you. The minotaur gores you!
Casting: Stone Arrow (safe; 1% risk of failure)
Confirm with . or Enter, or press ? or * to list all spells.
Aiming: Stone Arrow (safe; 1% risk of failure)
Press: ? - help, Shift-Dir - straight line, f/p - minotaur
Aim: a minotaur, wielding a staff of fire, wearing +2 pearl dragon scales and quivering silver javelins (lightly wounded, 84% to hit)
The stone arrow hits the minotaur!!
The minotaur hits you with a staff of fire!
The minotaur burns you. The minotaur gores you!
Okay, then.
Okay, then.
Unknown command.
The minotaur throws a silver javelin.
The silver javelin barely misses you.
Casting: Stone Arrow (safe; 1% risk of failure)
Confirm with . or Enter, or press ? or * to list all spells.
Aiming: Brom's Barrelling Boulder (dangerous; 1% risk of failure)
Press: ? - help, Dir - move target, p - minotaur You send a boulder barrelling forward!
The boulder barrels into the minotaur!
The minotaur is knocked back.
The minotaur hits your boulder with a staff of fire!
The minotaur burns your boulder.
The minotaur gores your boulder but does no damage.
The boulder barrels into the minotaur!
The minotaur is knocked back.
The minotaur slams into the stone wall!
The boulder barrels into the minotaur!
Your boulder is destroyed!
Casting: Brom's Barrelling Boulder (dangerous; 1% risk of failure)
Confirm with . or Enter, or press ? or * to list all spells.
Aiming: Brom's Barrelling Boulder (dangerous; 1% risk of failure)
Press: ? - help, Dir - move target, f - minotaur
Aim: a minotaur, wielding a staff of fire, wearing +2 pearl dragon scales and quivering silver javelins (heavily wounded, 100% to hit)
You send a boulder barrelling forward!
The boulder barrels into the minotaur!
The minotaur is knocked back.
The boulder barrels into the minotaur!
The minotaur is knocked back.
The boulder barrels into the minotaur!
The minotaur is knocked back.
The minotaur slams into the stone wall!
Your boulder slams into a wall and explodes!
The rocky shrapnel hits the minotaur but does no damage.
The minotaur bellows!
Casting: Brom's Barrelling Boulder (dangerous; 1% risk of failure)
Confirm with . or Enter, or press ? or * to list all spells.
Aiming: Brom's Barrelling Boulder (dangerous; 1% risk of failure)
Press: ? - help, Dir - move target, f/p - minotaur
Aim: a minotaur, wielding a staff of fire, wearing +2 pearl dragon scales and quivering silver javelins (heavily wounded, 100% to hit)
You send a boulder barrelling forward!
The boulder barrels into the minotaur!
The minotaur is knocked back.
The minotaur throws a silver javelin.
The silver javelin pierces through your boulder!
The silver javelin pierces through you!
* * * LOW HITPOINT WARNING * * *
x2 The boulder barrels into the minotaur!
Your boulder is destroyed!
You feel better.
Casting: Brom's Barrelling Boulder (dangerous; 1% risk of failure)
Confirm with . or Enter, or press ? or * to list all spells.
Aiming: Brom's Barrelling Boulder (dangerous; 1% risk of failure)
Press: ? - help, Dir - move target, f/p - minotaur
Aim: a minotaur, wielding a staff of fire, wearing +2 pearl dragon scales and quivering silver javelins (sparse dust, heavily wounded, 100% to hit)
You send a boulder barrelling forward!
The minotaur throws a silver javelin.
The silver javelin pierces through your boulder!!
Your boulder is destroyed!
The silver javelin pierces through you!!
You die...

#############
#...........#
#.#########.# ##.#
#.## #..# #..# #@##
##.# #○# #.# #.#.
#.# #H#.##### #.#
#°# .... #.#
#.###.#######.#
#.....#.......#
#########.#########
#≈...............≈#


You could see a minotaur.

Vanquished Creatures
  A green death (Gauntlet)
  Harold (D:9)
  5 elephants (Lair:1)
  Joseph (D:9)
  A torpor snail (Lair:1)
  3 cane toads (Lair:1)
  2 black mambas
  Jeremiah (D:7)
  2 rime drakes (Lair:1)
  4 komodo dragons (Lair:1)
  A kobold demonologist (D:10)
  A polar bear (Lair:1)
  Prince Ribbit (D:7)
  2 dream sheep (Lair:1)
  A wraith (D:10)
  17 yaks
  A steam dragon (D:9)
  An acid dragon (D:10)
  A water moccasin (D:5)
  8 orc warriors
  A sky beast (D:7)
  3 ice beasts
  3 wolves (Lair:1)
  2 centaurs (D:9)
  2 phantoms (D:5)
  2 kobold brigands
  6 bullfrogs
  A scorpion (D:5)
  14 wights
  5 killer bees (D:10)
  8 jellies (Lair:1)
  7 howler monkeys
  5 hounds
  13 orc priests
  A sleepcap (D:7)
  6 iguanas
  12 orc wizards
  A hell rat (Sewer)
  8 adders
  18 gnolls
  2 river rats (D:6)
  2 white imps
  2 ufetubi (D:5)
  A ribbon worm (D:2)
  A dart slug (D:2)
  34 orcs
  4 bats
  15 endoplasms
  2 giant cockroaches
  4 goblins
  5 hobgoblins
  5 jackals (D:2)
  3 quokkas
  9 ball pythons
  2 frilled lizards (D:1)
  19 kobolds
  10 rats
293 creatures vanquished.

Vanquished Creatures (collateral kills)
  A jelly (Lair:1)
  2 endoplasms (Lair:1)
  13 boulders
16 creatures vanquished.

Vanquished Creatures (others)
  20 boulders
20 creatures vanquished.

Grand Total: 329 creatures vanquished

Notes
Turn   | Place    | Note
-------+----------+-------------------------------------------
     0 | D:1      | RKaid the Gargoyle Earth Elementalist began the quest for
                  | the Orb.
     0 | D:1      | Reached XP level 1. HP: 10/10 MP: 3/3
   287 | D:1      | Reached XP level 2. HP: 15/15 MP: 3/5
   643 | D:1      | Reached skill level 4 in Earth Magic
   926 | D:1      | Reached XP level 3. HP: 19/19 MP: 4/6
   949 | D:1      | Learned a level 3 spell: Stone Arrow
   989 | D:2      | Reached skill level 2 in Dodging
  1212 | D:2      | Reached skill level 2 in Conjurations
  1528 | D:2      | Reached XP level 4. HP: 8/24 MP: 3/7
  1529 | D:2      | HP: 5/24 [gnoll/+0 flail (3)]
  1763 | D:2      | Identified the +0 robe of the Stag {Harm Stlth+}
  1969 | D:2      | Reached XP level 5. HP: 28/28 MP: 4/9
  2464 | D:3      | Found a hide-covered altar of Uskayaw.
  2834 | D:3      | Found a shimmering blue altar of Sif Muna.
  3022 | D:3      | Became a worshipper of Sif Muna the Loreminder
  3120 | D:4      | Reached skill level 3 in Spellcasting
  3411 | D:4      | Learned a level 4 spell: Brom's Barrelling Boulder
  3425 | D:4      | Reached skill level 3 in Conjurations
  3491 | D:4      | Noticed an ice beast
  3605 | D:4      | Reached skill level 5 in Earth Magic
  3678 | D:4      | Found a staircase to the Ecumenical Temple.
  3683 | D:4      | Reached XP level 6. HP: 32/32 MP: 10/10
  3935 | D:4      | Killed an ice beast
  3936 | D:4      | Reached skill level 3 in Dodging
  3936 | D:4      | Reached skill level 1 in Shields
  4434 | D:5      | Entered Level 5 of the Dungeon
  4503 | D:5      | Reached XP level 7. HP: 36/36 MP: 12/12
  4598 | D:5      | Reached * piety under Sif Muna
  4599 | D:5      | Reached skill level 2 in Shields
  4694 | D:5      | Reached skill level 4 in Conjurations
  4965 | D:5      | Reached skill level 4 in Spellcasting
  5081 | D:5      | Reached skill level 6 in Earth Magic
  5083 | D:5      | Reached skill level 3 in Shields
  5083 | D:5      | Reached XP level 8. HP: 33/41 MP: 14/14
  5900 | D:6      | Found a glowing drain.
  5911 | Sewer    | Entered a sewer
  6243 | D:6      | Reached ** piety under Sif Muna
  6542 | D:6      | Reached skill level 4 in Dodging
  6542 | D:6      | Reached skill level 5 in Conjurations
  7139 | D:7      | Found Rauseul's Jewellery Shop.
  7177 | D:7      | Reached skill level 4 in Shields
  7177 | D:7      | Noticed Prince Ribbit
  7189 | D:7      | Killed Prince Ribbit
  7190 | D:7      | Reached skill level 7 in Earth Magic
  7370 | D:7      | Found a shimmering altar of Xom.
  7398 | D:7      | Reached skill level 5 in Spellcasting
  7398 | D:7      | Reached XP level 9. HP: 45/45 MP: 16/16
  7445 | D:7      | Found Siudghesm's Armour Boutique.
  7689 | D:7      | Reached skill level 6 in Conjurations
  7697 | D:7      | Noticed Jeremiah
  7822 | D:7      | Reached skill level 5 in Shields
  7866 | D:7      | Killed Jeremiah
  7867 | D:7      | Reached skill level 5 in Dodging
  7991 | D:7      | Found Pixkanlo's General Store.
  8039 | D:7      | Reached skill level 8 in Earth Magic
  8155 | D:7      | Found Sisoashu's Weapon Shop.
  8448 | D:7      | Found Umolirghe's Antique Weapon Boutique.
  8935 | D:8      | Reached *** piety under Sif Muna
 10033 | D:9      | Found Badasuar's Tremendous Tomes.
 10053 | D:9      | Reached skill level 6 in Spellcasting
 10111 | D:9      | Reached skill level 6 in Shields
 10111 | D:9      | Reached XP level 10. HP: 50/50 MP: 19/19
 10120 | D:9      | Reached skill level 7 in Conjurations
 10143 | D:9      | Reached skill level 1 in Fighting
 10230 | D:9      | Noticed Harold
 10242 | D:9      | Killed Harold
 10243 | D:9      | Reached skill level 2 in Fighting
 10496 | D:9      | Found Naevulio's Neck Hole.
 10552 | D:9      | Reached skill level 9 in Earth Magic
 11134 | D:9      | Found a sparkling altar of Nemelex Xobeh.
 11134 | D:9      | Found an opulent altar of Gozag.
 11135 | D:9      | Noticed Joseph
 11159 | D:9      | Identified a scroll of acquirement
 11187 | D:9      | Killed Joseph
 11188 | D:9      | Reached skill level 3 in Fighting
 11188 | D:9      | Reached skill level 6 in Dodging
 11456 | D:9      | Upgraded the game from 0.31.0-4-g52a2dc7128 to
                  | 0.31.0-9-g3a7656b989
 11457 | D:10     | Entered Level 10 of the Dungeon
 11460 | D:10     | Found a white marble altar of Elyvilon.
 11462 | D:10     | Found a broken altar of Ashenzari.
 11464 | D:10     | Found a burning altar of Makhleb.
 11610 | D:10     | Found a shadowy altar of Dithmenos.
 11850 | D:10     | Reached **** piety under Sif Muna
 11861 | D:10     | Reached skill level 8 in Conjurations
 12124 | D:10     | Reached skill level 7 in Spellcasting
 12292 | D:10     | Found a staircase to the Lair.
 12346 | D:10     | Noticed a kobold demonologist
 12356 | D:10     | Killed a kobold demonologist
 12357 | D:10     | Reached skill level 4 in Fighting
 12364 | D:10     | Reached XP level 11. HP: 61/61 MP: 8/21
 12713 | D:10     | Found a staircase to the Orcish Mines.
 12897 | Lair:1   | Entered Level 1 of the Lair of Beasts
 13072 | Lair:1   | Noticed an oklob plant
 13163 | Lair:1   | Reached skill level 10 in Earth Magic
 13554 | Lair:1   | Reached ***** piety under Sif Muna
 13555 | Lair:1   | Reached skill level 5 in Fighting
 13853 | Lair:1   | Reached skill level 9 in Conjurations
 13902 | D:10     | Reached skill level 7 in Dodging
 14283 | Lair:1   | Found the +6 shillelagh "Devastator" {shatter}
 14313 | Lair:1   | Received a gift from Sif Muna
 14317 | Lair:1   | Got Sif Muna's Guide on the Mausoleum and Glaciation {god
                  | gift}
 14322 | Lair:1   | Reached skill level 6 in Fighting
 14322 | Lair:1   | Reached skill level 8 in Spellcasting
 14332 | Lair:1   | Reached skill level 1 in Maces & Flails
 14705 | Lair:1   | Noticed an oklob plant
 14712 | Lair:1   | Reached XP level 12. HP: 43/71 MP: 24/24
 14868 | Lair:1   | Reached skill level 2 in Maces & Flails
 14868 | Lair:1   | Reached skill level 11 in Earth Magic
 15480 | Lair:2   | Found a gate leading to a gauntlet.
 15500 | Gauntlet | Entered a Gauntlet
 15500 | Gauntlet | Found a transporter.
 15500 | Gauntlet | Found a transporter.
 15503 | Gauntlet | Noticed a great orb of eyes
 15525 | Gauntlet | Found a transporter.
 15525 | Gauntlet | Found a transporter.
 15555 | Gauntlet | Found a transporter.
 15570 | Gauntlet | Found a transporter.
 15580 | Gauntlet | Found a transporter.
 15595 | Gauntlet | Found a transporter.
 15597 | Gauntlet | Found a large runed translucent door.
 15598 | Gauntlet | Found a large runed translucent door.
 15599 | Gauntlet | Found a large runed translucent door.
 15599 | Gauntlet | Found a large runed translucent door.
 15599 | Gauntlet | Found a runed translucent door.
 15599 | Gauntlet | Found a runed translucent door.
 15600 | Gauntlet | Found a large runed translucent door.
 15601 | Gauntlet | Found a large runed translucent door.
 15602 | Gauntlet | Found a large runed translucent door.
 15602 | Gauntlet | Found a large runed translucent door.
 15603 | Gauntlet | Found a runed translucent gate.
 15603 | Gauntlet | Found a runed translucent gate.
 15603 | Gauntlet | Found a runed translucent gate.
 15605 | Gauntlet | Found a transporter.
 15614 | Gauntlet | Found a large runed translucent door.
 15614 | Gauntlet | Found a large runed translucent door.
 15615 | Gauntlet | Found a large runed translucent door.
 15616 | Gauntlet | Found a large runed translucent door.
 15620 | Gauntlet | Found a transporter.
 15626 | Gauntlet | Found a transporter.
 15639 | Gauntlet | Noticed a green death
 15640 | Gauntlet | Found a transporter.
 15750 | Gauntlet | Found a large runed translucent door.
 15751 | Gauntlet | Found a large runed translucent door.
 15752 | Gauntlet | Found a large runed translucent door.
 15752 | Gauntlet | Found a large runed translucent door.
 15825 | Gauntlet | Learned a level 1 spell: Apportation
 15839 | Gauntlet | HP: 17/71 [white ugly thing (25)]
 16024 | Gauntlet | Identified the ring "Afouput" {Will++ Str+6}
 16034 | Gauntlet | HP: 11/71 [green death (17)]
 16037 | Gauntlet | HP: 2/71 [green death (20)]
 16043 | Gauntlet | Killed a green death
 16044 | Gauntlet | Reached skill level 3 in Maces & Flails
 16044 | Gauntlet | Reached skill level 10 in Conjurations
 16044 | Gauntlet | Reached skill level 1 in Invocations
 16118 | Gauntlet | Noticed a minotaur
 16136 | Gauntlet | HP: 17/71 [minotaur/silver javelin (14)]
 16139 | Gauntlet | Hit by a silver javelin thrown by a minotaur

Illustrated notes

Levels and vault maps discovered:
D:1:      psy_arrival_statuary, layout_loops_ring
D:2:      layout_loops_ring
D:3:      layout_rooms, lemuel_tele_altar, nicolae_sif_muna_condensation
D:4:      layout_cave_pods, minmay_temple_entry_glass
D:5:      layout_loops_ring, dk_rats_in_the_wall
D:6:      layout_layer_cave, portal_sewer_entry_e
D:7:      layout_cave_pods, mainiacjoe_overflow_small_starburst, serial_shops,
          shop, kennysheep_mini_moat, nicolae_diamond_shop,
          nicolae_shop_waterfront, nicolae_shop_tiny_real_fake_doors,
          grunt_ministairs_13, minmay_diced_spiral, uniq_prince_ribbit1,
          uniq_jeremiah
D:8:      mumra_celtic_spiral_tile, layout_loops_ring, serial_aquarium,
          aquarium_bridge_square [aquarium_subvault_wall,
          aquarium_subvault_window, aquarium_subvault_bridge,
          aquarium_subvault_bridge], aquarium_bridge_straight
          [aquarium_subvault_bridge, aquarium_subvault_wall,
          aquarium_subvault_bridge, aquarium_subvault_window],
          aquarium_window_3, aquarium_window_corner, aquarium_window_1,
          aquarium_window_2, aquarium_view_2b, aquarium_view_2e,
          aquarium_balcony_3a
D:9:      layout_roguey, grunt_temple_overflow_opulence, serial_park_tiny_pond,
          nicolae_shop_i_like_big_books, st_stairs_11,
          nicolae_shop_sticking_my_neck_out, uniq_joseph, uniq_harold
D:10:     layout_basic, gammafunk_temple_overflow_forgotten,
          nicolae_dithmenos_through_a_glass_darkly, dpeg_oklobed_lair,
          hiddenorc1_lemuel, hangedman_decor_opposing
Lair:1:   lemuel_slime, layout_cave_pods, lemuel_fruit_tree
Lair:2:   layout_long_grid, guppyfry_snake_entry_garden,
          portal_ice_cave_demonic_guard, gauntlet_entry_generic, basic_altar
Gauntlet: gammafunk_gauntlet_shortcut [gammafunk_gauntlet_arena_arrow_garden,
          gammafunk_gauntlet_arena_chambers, nicolae_gauntlet_swirl,
          nicolae_gauntlet_arena_grate_2,
          minmay_gauntlet_arena_make_your_own_arena,
          nicolae_gauntlet_arena_flowing_pool,
          dreamdust_gauntlet_exit_labyrinth]

Skill      XL: |  1  2  3  4  5  6  7  8  9 10 11 12 |
---------------+-------------------------------------+-----
Earth Magic    | 4 5 6 7 8 9 10 11 | 11.3
Dodging        | 2 3 4 5 6 7 |  7.1
Conjurations   | 2 3 4 5 6 8 9 10 | 10.0
Spellcasting   | 3 4 5 6 7 8 |  8.5
Shields        | 1 3 4 6 |  6.0
Fighting       | 4 6 |  6.7
Maces & Flails | 1 3 |  3.1
Invocations    | 1 |  1.4
Stealth        | |  2.2

Action                     |  1- 3 |  4- 6 |  7- 9 | 10-12 || total
---------------------------+-------+-------+-------+-------++-------
  Melee: Unarmed           |     9 |       |       |       ||     9
         Short sword       |     3 |       |       |       ||     3
         Dagger            |    15 |    19 |    14 |       ||    48
         Trident           |       |       |     1 |    52 ||    53
         Shillelagh        |       |       |       |    20 ||    20
  Throw: Stone             |     7 |     3 |     2 |       ||    12
         Boomerang         |     1 |     5 |       |       ||     6
   Cast: Sandblast         |    47 |    63 |     5 |    25 ||   140
         Stone Arrow       |       |    11 |   132 |   202 ||   345
         Brom's Barrelling |       |       |     6 |    41 ||    47
         Apportation       |       |       |       |     1 ||     1
  Evoke: Wand              |       |       |       |     3 ||     3
    Use: Scroll            |       |     2 |    13 |     2 ||    17
         Potion            |       |       |     1 |     9 ||    10
   Stab: Sleeping          |     1 |       |     3 |       ||     4
 Armour: Robe              |    25 |    18 |    33 |   149 ||   225
  Dodge: Dodged            |    24 |    24 |    28 |   102 ||   178
  Block: Buckler           |       |       |     9 |    39 ||    48

Table legend: (Time is in decaauts)
 A = Elapsed time spent in this place.
 B = Non-inter-level travel time spent in this place.
 C = Inter-level travel time spent in this place.
 D = Time resting spent in this place.
 E = Time spent auto-exploring this place.
 F = Levels seen in this place.
 G = Mean time per level.
                   A        B        C        D        E       F      G
               +--------+--------+--------+--------+--------+-----+--------+
         Total |  16248 |  15210 |   1038 |   5179 |   6006 |  14 | 1160.6 |
       Dungeon |  12937 |  11958 |    979 |   3610 |   5336 |  10 | 1293.7 |
          Lair |   2494 |   2435 |     59 |   1264 |    670 |   2 | 1247.0 |
         Sewer |    177 |    177 |      0 |     99 |      0 |   1 |  177.0 |
      Gauntlet |    638 |    638 |      0 |    206 |      0 |   1 |  638.0 |
               +--------+--------+--------+--------+--------+-----+--------+

Top non-repeatable levels by time:
  Lair:1: 2472 daAuts
     D:8: 1760 daAuts
    D:10: 1577 daAuts
     D:7: 1512 daAuts
     D:6: 1403 daAuts
     D:2: 1288 daAuts
     D:4: 1281 daAuts
     D:9: 1087 daAuts
     D:5: 1075 daAuts
     D:1: 988 daAuts
     D:3: 962 daAuts
Gauntlet: 638 daAuts
   Sewer: 177 daAuts
  Lair:2: 22 daAuts

Table legend:
 A = Kills in this place as a percentage of kills in the entire game.
 B = Kills by you in this place as a percentage of kills by you in the entire game.
 C = Kills by friends in this place as a percentage of kills by friends in the entire game.
 D = Other kills in this place as a percentage of other kills in the entire game.
 E = Experience gained in this place as a percentage of experience gained in the entire game.
 F = Experience gained in this place divided by the number of levels of this place that you have seen.
                   A       B       C       D       E      F
               +-------+-------+-------+-------+-------+----------------------
         Total | 100.0 | 100.0 | 100.0 |   N/A | 100.0 | 1631.8
       Dungeon |  79.4 |  80.2 |   0.0 |   N/A |  43.7 | 997.8
          Lair |  18.9 |  18.1 | 100.0 |   N/A |  52.1 | 5950.5
         Sewer |   1.4 |   1.4 |   0.0 |   N/A |   0.2 |  36.0
      Gauntlet |   0.3 |   0.3 |   0.0 |   N/A |   4.1 | 930.0
               +-------+-------+-------+-------+-------+----------------------
